 Dungeon Crawl Stone Soup version 0.23-a0-49-gd9f7a49 (webtiles) character file.

15390 Amnesiac the Zephyrmancer (level 12, -8/74 HPs)
             Began as a Mummy Air Elementalist on Aug 7, 2018.
             Was a High Priest of Sif Muna.
             Mangled by a death yak (24 damage)
             ... on level 11 of the Dungeon.
             The game lasted 00:30:05 (10945 turns).

Amnesiac the Zephyrmancer (Mummy Air Elementalist) Turns: 10945, Time: 00:30:06

Health: -8/74      AC: 11    Str: 11    XL:     12   Next: 0%
Magic:  17/40      EV: 11    Int: 20    God:    Sif Muna [*****.]
Gold:   604        SH:  5    Dex: 12    Spells: 10/30 levels left

rFire    . . .     SeeInvis +   a - staff of power
rCold    + . .     Gourm    .   m - +0 buckler
rNeg     + + +     Faith    +   w - +0 troll leather armour
rPois    ∞         Spirit   .   q - +1 helmet {SInv}
rElec    .         Reflect  .   i - +2 cloak {+Inv}
rCorr    .         Harm     .   s - +1 pair of gloves
MR       +....                  (no boots)
Stlth    +.........             f - amulet of faith
HPRegen  0.62/turn              c - ring of wizardry
MPRegen  0.27/turn              n - ring of protection from fire

@: divine energy
A: no food or potions, fire vulnerability, cold resistance 1, negative energy
resistance 3, torment resistance, unbreathing
a: Stop Divine Energy, Channel Magic, Forget Spell, Renounce Religion, Evoke
Invisibility


You were on level 11 of the Dungeon.
You worshipped Sif Muna.
Sif Muna was extremely pleased with you.
You were not hungry.

You visited 2 branches of the dungeon, and saw 12 of its levels.
You also visited: Labyrinth and Sewer.

You collected 604 gold pieces.

Inventory:

Hand Weapons
 b - the +0 hand crossbow of the Wasp {freeze, -Tele rPois Str+6}
   (You took it off a minotaur in a labyrinth)

   It causes projectiles fired from it to freeze those they strike, causing
   extra injury to most foes and up to half again as much damage against
   particularly susceptible opponents.
   They can also slow down cold-blooded creatures.
   It affects your strength (+6).
   It protects you from poison.
   It prevents most forms of teleportation.
Armour
 i - a +2 cloak of invisibility (worn)
 l - the +4 shield of Restlessness {rF++ rC- Int+7, unknown}
   (You found it on level 11 of the Dungeon)

   It affects your intelligence (+7).
   It greatly protects you from fire.
   It makes you vulnerable to cold.
 m - a +0 buckler (worn)
 p - a +0 pair of gloves of archery
 q - a +1 helmet of see invisible (worn)
 s - a +1 pair of gloves (worn)
 t - a +1 leather armour of magic resistance
 v - a +2 hat
 w - a +0 troll leather armour (worn)
Magical Staves
 a - an uncursed staff of power (weapon)
Jewellery
 c - a ring of wizardry (left hand)
 f - an amulet of faith (around neck)
 h - an uncursed ring of resist corrosion
 k - an uncursed ring of protection from magic
 n - a ring of protection from fire (right hand)
 r - an uncursed ring of wizardry
 y - a +4 ring of dexterity
Wands
 e - a wand of paralysis (32)
 j - a wand of flame (52)
 u - a wand of acid (3)
 x - a wand of disintegration (22)
Scrolls
 d - 3 scrolls of enchant armour {!r}
 g - 5 scrolls of remove curse {!r}
 o - 6 scrolls of fog {!r}


   Skills:
 - Level 1.5 Dodging
 - Level 1.5 Stealth
 - Level 4.0 Shields
 - Level 9.7 Spellcasting
 * Level 9.4 Conjurations
 - Level 9.7 Air Magic
 + Level 6.9 Invocations


You had 10 spell levels left.
You knew the following spells:

 Your Spells              Type           Power        Failure   Level  Hunger
a - Airstrike             Air            #####.....   1%          4    N/A
b - Shock                 Conj/Air       ####         1%          1    N/A
c - Chain Lightning       Conj/Air       #####.....   99%         8    N/A
d - Lightning Bolt        Conj/Air       #####.....   1%          5    N/A
z - Swiftness             Chrm/Air       ####....     1%          2    N/A

Your spell library contained the following spells:

 Spells                   Type           Power        Failure   Level  Hunger
 Cause Fear               Hex            #.........   34%         4    N/A
 Fireball                 Conj/Fire      ####......   16%         5    N/A
 Confuse                  Hex            #.......     12%         3    N/A
 Invisibility             Hex            #.......     99%         6    N/A
 Summon Small Mammal      Summ           #...         4%          1    N/A
 Lehudib's Crystal Spear  Conj/Erth      ####......   100%        8    N/A
 Summon Horrible Things   Summ           #.........   100%        8    N/A
 Haunt                    Necr/Summ      #.........   100%        7    N/A
 Deflect Missiles         Chrm/Air       ####......   58%         6    N/A
 Confusing Touch          Hex            #.....       4%          1    N/A
 Ensorcelled Hibernation  Hex/Ice        #.....       6%          2    N/A
 Metabolic Englaciation   Hex/Ice        #.........   67%         5    N/A
 Summon Butterflies       Summ           #.......     4%          1    N/A
 Silence                  Hex/Air        ####......   14%         5    N/A
 Static Discharge         Conj/Air       #####...     1%          3    N/A
 Portal Projectile        Hex/Tloc       #.....       12%         3    N/A
 Petrify                  Tmut/Erth      #.......     34%         4    N/A
 Darkness                 Hex            #.........   99%         6    N/A
 Aura of Abjuration       Summ           #.........   67%         5    N/A
 Iskenderun's Battlesphe  Conj/Chrm      ####....     16%         5    N/A
 Discord                  Hex            #.........   100%        8    N/A
 Summon Lightning Spire   Summ/Air       ####....     5%          4    N/A
 Gell's Gravitas          Tloc           #.........   12%         3    N/A
 Yara's Violent Unravell  Hex/Tmut       #.........   67%         5    N/A
 Ignition                 Fire           #.........   100%        8    N/A

Dungeon Overview and Level Annotations

Branches:
Dungeon (11/15)            Temple (1/1) D:4            Lair (0/6) D:11
    Orc (0/2) D:9

Altars:
Ashenzari
Cheibriados
Dithmenos
Elyvilon
Fedhas
Gozag
Hepliaklqana
Kikubaaqudgha
Makhleb
Nemelex Xobeh
Okawaru
Qazlal
Ru
Sif Muna
Trog
Uskayaw
Vehumet
Wu Jian
Xom
Yredelemnul
Zin
The Shining One


Innate Abilities, Weirdness & Mutations

You do not eat or drink.
Your flesh is vulnerable to fire.
You are immune to poison.
Your flesh is cold resistant. (rC+)
You are immune to negative energy. (rN+++)
You are immune to unholy pain and torment.
You can survive without breathing.


Message History

The death yak is severely wounded.
The bolt of acid hits the death yak.
The death yak is splashed with acid.
The acid corrodes the death yak!
The death yak is moderately wounded.
The death yak gores you.
* * * LOW HITPOINT WARNING * * *
Evoke which item? (* to show all) (? for menu, Esc to quit)
Aiming: Corrosive Bolt
Press: ? - help, Shift-Dir - straight line, f/p - death yak
Aim: a death yak (severely wounded, covered in acid)
The bolt of acid hits the death yak.
The death yak is splashed with acid.
The death yak is almost dead.
The bolt of acid hits the death yak.
The death yak is splashed with acid.
The acid corrodes the death yak!
The death yak is almost dead.
The bolt of acid hits the death yak.
The death yak is splashed with acid.
The acid corrodes the death yak!
The death yak is heavily wounded.
The death yak gores you.
* * * LOW HITPOINT WARNING * * *
Evoke which item? (* to show all) (? for menu, Esc to quit)
Aiming: Corrosive Bolt
Press: ? - help, Shift-Dir - straight line, f/p - death yak
Aim: a death yak (almost dead, covered in acid)
The bolt of acid hits the death yak.
The death yak is splashed with acid.
The acid corrodes the death yak!
You kill the death yak!
Sif Muna accepts your kill.
The bolt of acid misses the death yak.
The bolt of acid hits the death yak.
The death yak is splashed with acid.
The death yak is severely wounded.
You hear a bellow! x2
Evoke which item? (* to show all) (? for menu, Esc to quit)
Okay, then.
Evoke which item? (* to show all) (? for menu, Esc to quit)
Aiming: Corrosive Bolt
Press: ? - help, Shift-Dir - straight line, f - death yak
Aim: a death yak The bolt of acid hits the death yak.
The death yak appears unharmed.
The bolt of acid hits the death yak.
The death yak is splashed with acid.
The acid corrodes the death yak!
The death yak is moderately wounded.
The death yak gores you!
* * * LOW HITPOINT WARNING * * *
Evoke which item? (* to show all) (? for menu, Esc to quit)
Aiming: Corrosive Bolt
Press: ? - help, Shift-Dir - straight line, f - death yak, p - death yak
Aim: a death yak (severely wounded, covered in acid)
The bolt of acid hits the death yak.
The death yak is splashed with acid.
The acid corrodes the death yak!
The death yak is lightly wounded.
The bolt of acid hits the death yak.
The death yak is splashed with acid.
The acid corrodes the death yak!
You kill the death yak!
Sif Muna accepts your kill.
You have reached level 12!
Your experience leads to an increase in your attributes!
Increase (S)trength, (I)ntelligence, or (D)exterity?
You feel clever.
The bolt of acid hits the death yak.
The death yak is splashed with acid.
The acid corrodes the death yak!
The death yak is almost dead.
The death yak gores you!!
You die...

.......####.##.#
............##.#
...Y...#######Y#
...##..# #Y#
...##..# #.#
...##%.# #.#
#####..# #.# #
#..#######Y###
#####........Y.Y@#
.......###########
####..## ####..###
#.......#
#.###.#######
............#
#.###.#####.#
...##.# #.#


You could see 3 death yaks.

Vanquished Creatures
  A minotaur (Lab)
  Harold (D:6)
  Erolcha (D:10)
  A hydra (D:11)
  A two-headed ogre (D:9)
  3 death yaks (D:11)
  3 unseen horrors
  An orc knight (D:11)
  A troll (D:9)
  2 hippogriffs
  Sigmund (D:2)
  4 redbacks (Lab)
  3 shadows
  2 wyverns
  5 hungry ghosts
  A water moccasin (D:5)
  7 orc warriors
  2 sky beasts (D:6)
  3 ice beasts
  4 phantoms
  3 ogres
  An eye of draining (D:11)
  A necrophage (D:7)
  6 centaurs
  4 big kobolds
  4 bullfrogs
  A wyvern skeleton (D:7)
  3 scorpions
  12 killer bees
  2 crimson imps
  3 bullfrog zombies
  A jelly (D:9)
  5 orc priests
  Crazy Yiuf (D:2)
  A bullfrog skeleton (D:6)
  A centaur skeleton (D:11)
  9 hounds
  5 iguanas
  5 orc wizards
  5 worker ants
  A hound zombie (D:9)
  2 worker ant zombies
  3 gnolls (D:5)
  2 howler monkey skeletons
  17 adders
  3 shadow imps
  An ooze (Sewer)
  An adder skeleton (D:8)
  5 worms
  2 dart slugs
  8 leopard geckos
  33 orcs
  4 ball pythons
  8 giant cockroaches
  11 hobgoblins
  3 jackals (D:1)
  14 kobolds
  2 quokkas
  10 bats
  2 frilled lizards
  10 goblins
  A jackal zombie (D:8)
  2 leopard gecko skeletons
  11 rats
  A plant (Lab)
277 creatures vanquished.

Notes
Turn   | Place    | Note
-------+----------+-------------------------------------------
     0 | D:1      | Amnesiac the Mummy Air Elementalist began the quest for the Orb.
     0 | D:1      | Reached XP level 1. HP: 13/13 MP: 4/4
   195 | D:2      | Reached XP level 2. HP: 19/19 MP: 2/5
   219 | D:2      | Learned a level 2 spell: Swiftness
   292 | D:2      | Noticed Sigmund
   383 | D:2      | Found an opulent altar of Gozag.
   942 | D:3      | Reached XP level 3. HP: 24/24 MP: 2/7
  1062 | D:3      | Reached skill level 1 in Shields
  1171 | D:4      | Found a staircase to the Ecumenical Temple.
  1193 | Temple   | Entered the Ecumenical Temple
  1399 | Temple   | Became a worshipper of Sif Muna the Loreminder
  1436 | D:3      | Found a radiant altar of Vehumet.
  1543 | D:3      | Found a glowing drain.
  1547 | D:3      | Reached XP level 4. HP: 30/30 MP: 3/9
  1560 | Sewer    | Entered a sewer
  1780 | Sewer    | Learned a level 4 spell: Airstrike
  2013 | Sewer    | Noticed a big kobold
  2042 | Sewer    | Killed a big kobold
  2042 | Sewer    | Reached XP level 5. HP: 25/35 MP: 0/11
  2190 | Sewer    | Reached * piety under Sif Muna
  2197 | Sewer    | Reached XP level 6. HP: 41/41 MP: 0/12
  2690 | D:2      | Killed Sigmund
  2690 | D:2      | Reached skill level 5 in Spellcasting
  2690 | D:2      | Reached skill level 5 in Air Magic
  2783 | D:1      | Reached XP level 7. HP: 46/46 MP: 0/14
  3283 | D:2      | Found a runed door.
  3335 | D:2      | Noticed Crazy Yiuf
  3338 | D:2      | Killed Crazy Yiuf
  3853 | D:4      | Reached ** piety under Sif Muna
  4390 | D:5      | Entered Level 5 of the Dungeon
  4528 | D:5      | Reached XP level 8. HP: 52/52 MP: 0/17
  4877 | D:5      | Reached *** piety under Sif Muna
  5216 | D:6      | Learned a level 5 spell: Lightning Bolt
  5433 | D:6      | Reached XP level 9. HP: 57/57 MP: 4/20
  5436 | D:6      | Found a blossoming altar of Fedhas.
  5744 | D:7      | Got a slimy leather armour
  5755 | D:7      | Identified the +2 leather armour of Free Expression {rN+ MP-9 Int+3} (You found it on level 7 of the Dungeon)
  5792 | D:7      | Reached **** piety under Sif Muna
  6318 | D:7      | Noticed an unseen horror
  6322 | D:7      | Killed an unseen horror
  6428 | D:7      | Noticed Harold
  6611 | D:6      | Killed Harold
  7047 | D:8      | Reached XP level 10. HP: 63/63 MP: 10/23
  7082 | D:8      | Reached ***** piety under Sif Muna
  7082 | D:8      | Identified Sif Muna's Guide on the Hurtful Entourage (Sif Muna gifted it to you on level 8 of the Dungeon)
  7082 | D:8      | Received a gift from Sif Muna
  7093 | D:8      | Learned a level 8 spell: Chain Lightning
  7113 | D:8      | Found a basalt altar of Yredelemnul.
  7120 | D:8      | Reached skill level 1 in Conjurations
  7529 | D:9      | Found a staircase to the Orcish Mines.
  7579 | D:9      | Noticed a two-headed ogre
  7592 | D:9      | Killed a two-headed ogre
  7592 | D:9      | Reached skill level 1 in Invocations
  8155 | D:9      | Reached skill level 5 in Conjurations
  8243 | D:10     | Entered Level 10 of the Dungeon
  8307 | D:10     | Noticed an unseen horror
  8320 | D:10     | Killed an unseen horror
  8671 | D:10     | Reached XP level 11. HP: 68/68 MP: 0/24
  8673 | D:10     | Noticed Erolcha
  8715 | D:10     | Killed Erolcha
  9060 | D:11     | Found a staircase to the Lair.
  9060 | D:11     | Noticed a death yak
  9060 | D:11     | Noticed an orc knight
  9061 | D:11     | Noticed a death yak
  9137 | D:11     | Identified Sif Muna's Collected Works on the Blaze and Execration (Sif Muna gifted it to you on level 11 of the Dungeon)
  9137 | D:11     | Received a gift from Sif Muna
  9160 | D:11     | Noticed an unseen horror
  9180 | D:11     | Killed an unseen horror
  9180 | D:11     | Reached skill level 5 in Invocations
  9217 | D:11     | Noticed a death yak
  9217 | D:11     | Noticed a death yak
  9245 | D:11     | Noticed a death yak
  9249 | D:11     | Noticed a death yak
  9266 | D:11     | Killed a death yak
  9269 | D:11     | Noticed a death yak
  9270 | D:11     | Noticed a death yak
  9290 | D:11     | Noticed a death yak
  9309 | D:11     | Noticed a six-headed hydra
  9324 | D:11     | HP: 1/68 [cyclops/large rock (12)]
  9339 | D:11     | Killed a six-headed hydra
  9522 | D:11     | Found a labyrinth entrance.
  9531 | Lab      | Entered a labyrinth
 10246 | Lab      | Noticed a minotaur
 10248 | Lab      | Identified a scroll of acquirement {!r}
 10376 | Lab      | Killed a minotaur
 10379 | Lab      | Got a faintly glowing hand crossbow {freeze}
 10448 | Lab      | Identified the Incunabulum of Creative Dislocation
 10483 | D:11     | Identified the cursed +0 hand crossbow of the Wasp {freeze, -Tele rPois Str+6} (You took it off a minotaur in a labyrinth)
 10645 | D:11     | Got a brightly glowing shield
 10803 | D:11     | Killed an orc knight
 10943 | D:11     | Killed a death yak
 10945 | D:11     | Killed a death yak
 10945 | D:11     | Reached XP level 12. HP: 16/74 MP: 17/25
 10945 | D:11     | Mangled by a death yak

Vault maps used:
D:1:      onia_arrival_pyramid
D:2:      nicolae_overflow_hidden_temple, uniq_sigmund, uniq_crazy_yiuf_cottage
D:3:      vehumet_crystals, portal_sewer_entry_b
D:4:      temple_pool_b, first_ration
D:6:      fedhas_altar_fruit_tree
D:7:      uniq_harold
D:8:      yredelemnul_altar_generic
D:9:      david_orc_3, grunt_ogre_cave
D:10:     serial_glass, glass_columns_c, glass_columns_a, glass_columns_b,
          glass_columns_b, glass_columns_a, glass_columns_a, glass_columns_a,
          glass_columns_c, minmay_tree_intersection, uniq_erolcha
D:11:     dpeg_lair_monsters, lab_entry_generic, basic_loot_grate_trap
Temple:   eino_narrow_crystal_temple
Lab:      nicolae_lab_lava, nicolae_lab_dead_end, lab_statue,
          nicolae_lab_garden, nicolae_lab_very_dead_end, nicolae_lab_starburst,
          nicolae_lab_stuck, lab_block, nicolae_lab_plus, nicolae_lab_grate_2,
          labyrinth_skeletal_remains, nicolae_lab_arrow
Sewer:    sewer_co_15_rooms

Skill      XL: |  1  2  3  4  5  6  7  8  9 10 11 |
---------------+----------------------------------+-----
Air Magic      | 3 4 5 6 7 9 |  9.7
Spellcasting   | 3 4 5 6 7 9 |  9.7
Shields        | 1 2 3 4 |  4.0
Conjurations   | 6 9 |  9.4
Invocations    | 4 6 |  6.9
Dodging        | |  1.5
Stealth        | |  1.5

Action                   |  1- 3 |  4- 6 |  7- 9 | 10-12 || total
-------------------------+-------+-------+-------+-------++-------
Melee: Spear             |    24 |    34 |    36 |    65 ||   159
       Staff             |       |       |       |     1 ||     1
 Cast: Shock             |    70 |    56 |     1 |     1 ||   128
       Airstrike         |       |    24 |   181 |   208 ||   413
       Lightning Bolt    |       |       |     1 |    29 ||    30
Invok: Divine Energy     |       |     1 |       |       ||     1
Evoke: Wand              |       |       |       |    16 ||    16
  Use: Scroll            |     3 |     1 |     9 |    11 ||    24
 Stab: Sleeping          |     1 |       |       |       ||     1
       Confused          |       |     1 |       |       ||     1
Armor: Robe              |    12 |    21 |     2 |       ||    35
       Leather armour    |       |       |    20 |    69 ||    89
       Troll leather arm |       |       |       |     6 ||     6
Dodge: Dodged            |    15 |    36 |    42 |   113 ||   206
Block: Buckler           |     3 |     5 |    13 |    39 ||    60

Table legend:
 A = Spawn XP
 B = Non-spawn XP
 C = Spawn XP percentage of total XP
 D = Spawn monster count
 E = Non-spawn monster count
 F = Spawn count percentage of total count
 G = Total turns spent on level
                    A         B        C        D         E        F      G
               +---------+---------+-------+---------+---------+-------+---------
         Total |       0 |   21986 |   0.0 |       0 |     276 |   0.0 | 10945
               +---------+---------+-------+---------+---------+-------+---------
           D:1 |       0 |      46 |   0.0 |       0 |      26 |   0.0 |   693
           D:2 |       0 |     311 |   0.0 |       0 |      21 |   0.0 |  1244
           D:3 |       0 |      97 |   0.0 |       0 |      28 |   0.0 |   744
           D:4 |       0 |     430 |   0.0 |       0 |      16 |   0.0 |   735
           D:5 |       0 |     720 |   0.0 |       0 |      24 |   0.0 |   599
           D:6 |       0 |    2112 |   0.0 |       0 |      21 |   0.0 |   853
           D:7 |       0 |    1396 |   0.0 |       0 |      12 |   0.0 |  1097
           D:8 |       0 |     787 |   0.0 |       0 |      16 |   0.0 |   609
           D:9 |       0 |    2779 |   0.0 |       0 |      33 |   0.0 |   682
          D:10 |       0 |    3351 |   0.0 |       0 |      25 |   0.0 |   947
          D:11 |       0 |    6263 |   0.0 |       0 |      25 |   0.0 |   813
           Lab |       0 |    3338 |   0.0 |       0 |      11 |   0.0 |   942
         Sewer |       0 |     356 |   0.0 |       0 |      18 |   0.0 |   765
               +---------+---------+-------+---------+---------+-------+---------
